 Dungeon Crawl Stone Soup version 0.22-a0-392-g5dc3fd9 (webtiles) character file.

214 Falco the Skirmisher (level 5, -6/46 HPs)
             Began as a Centaur Fighter on May 1, 2018.
             Killed from afar by Atlas's ghost (8 damage)
             ... with a flame tongue
             ... on level 3 of the Dungeon.
             The game lasted 00:09:33 (1877 turns).

Falco the Skirmisher (Centaur Fighter)              Turns: 1877, Time: 00:09:35

Health: -6/46      AC:  7    Str: 24    XL:     5   Next: 60%
Magic:  5/5        EV: 11    Int:  7    God:
Gold:   105        SH:  9    Dex: 14    Spells: 4/4 levels left

rFire    . . .     SeeInvis +   a - +0 trident
rCold    . . .     Gourm    .   c - +0 shield
rNeg     . . .     Faith    .   q - +0 scale mail
rPois    .         Spirit   .   r - +0 helmet
rElec    .         Reflect  .   (no cloak)
rCorr    .         Harm     .   (no gloves)
MR       .....                  (no barding)
Stlth    +.........             (no amulet)
HPRegen  0.15/turn              k - +5 ring of strength
MPRegen  0.09/turn              n - ring of see invisible

@: agile, slowed
A: large, hooves 3, deformed body, speed 2, tough skin 3
a: no special abilities


You were on level 3 of the Dungeon.
You were not hungry.

You visited 1 branch of the dungeon, and saw 3 of its levels.

You collected 105 gold pieces.

Inventory:

Hand Weapons
 a - a +0 trident (weapon)
 b - a +0 hunting sling
 m - a +0 quarterstaff
Missiles
 g - 30 poisoned needles
 o - 84 stones (quivered)
 t - 21 sling bullets
Armour
 c - a +0 shield (worn)
 q - a +0 scale mail (worn)
 r - a +0 helmet (worn)
Jewellery
 k - a +5 ring of strength (left hand)
 n - a ring of see invisible (right hand)
Scrolls
 h - a scroll of enchant armour {unknown}
 i - a scroll of remove curse {unknown}
 l - a scroll of teleportation {unknown}
Potions
 d - a potion of might
 e - 2 potions of heal wounds {unknown}
 j - a potion of agility
 s - a potion of curing {unknown}
Comestibles
 f - 4 rations


   Skills:
 + Level 3.7 Fighting
 + Level 3.3 Polearms
 + Level 0.2 Throwing
 + Level 3.0 Armour
 + Level 0.6 Dodging
 + Level 2.9 Shields


You had 4 spell levels left.
You didn't know any spells.

Dungeon Overview and Level Annotations

Branches:
Dungeon (3/15)

Altars:

Annotations:
D:3 Atlas's ghost, amateur DsFE; Jessica


Innate Abilities, Weirdness & Mutations

You have hooves in place of feet.
Armour fits poorly on your strangely shaped body.
You cover ground very quickly.
You have extremely tough skin. (AC +3)


Message History

You block the bat's attack. The bat hits you but does no damage.
Jessica gestures wildly while chanting.
Jessica seems to speed up.
You miss the bat. Your kick misses the bat.
The bat hits you but does no damage. You block the bat's attack.
The bat hits you but does no damage. You block the bat's attack.
Jessica casts a spell.
Jessica blinks!
The bat hits you.
Atlas's ghost gestures at you while chanting.
The flame tongue hits you!
* * * LOW HITPOINT WARNING * * *
Okay, then.
Okay, then.
You feel agile all of a sudden. The bat misses you.
The bat hits you but does no damage.
You block the bat's attack. x2; The bat hits you but does no damage.
You block the bat's attack.
Atlas's ghost points at you and mumbles some strange words.
The flame tongue hits you!
You die...

#.......#
#...
#.......#
#...
###'###.#
#... #@# #.#
#... #.# #W#
#... #.#
#.##########)
#.#
#.....W....).
#######W#
############>
#....b@b# #.
#.####### #.
#. #. #. .


You could see Atlas's ghost, Jessica and 2 bats.

Vanquished Creatures
  A bullfrog (D:2)
  An orc priest (D:3)
  An orc wizard (D:3)
  A gnoll (D:1)
  2 adders (D:2)
  An ooze (D:1)
  2 worms (D:2)
  4 orcs (D:3)
  8 hobgoblins
  3 kobolds (D:1)
  2 quokkas (D:2)
  12 bats
  5 frilled lizards
  7 goblins
  9 rats
59 creatures vanquished.

Notes
Turn   | Place    | Note
-------+----------+-------------------------------------------
     0 | D:1      | Falco the Centaur Fighter began the quest for the Orb.
     0 | D:1      | Reached XP level 1. HP: 19/19 MP: 1/1
   100 | D:1      | Reached XP level 2. HP: 26/26 MP: 2/2
   341 | D:1      | Reached XP level 3. HP: 17/31 MP: 3/3
   971 | D:2      | Noticed a bullfrog
   985 | D:2      | Killed a bullfrog
   985 | D:2      | Reached XP level 4. HP: 28/38 MP: 4/4
  1363 | D:2      | Reached XP level 5. HP: 45/45 MP: 5/5
  1850 | D:3      | Noticed Atlas's ghost (amateur DsFE)
  1864 | D:3      | Noticed Jessica
  1876 | D:3      | HP: 2/46 [Atlas's ghost/flame tongue (13)]
  1877 | D:3      | Killed from afar by Atlas's ghost

Vault maps used:
D:1:      eino_arrival_water_cross, minivault_5
D:2:      kennysheep_boxes
D:3:      nicolae_overflow_crystal_walls, uniq_jessica

Skill      XL: |  1  2  3  4  5 |
---------------+----------------+-----
Polearms       | 2 3 |  3.3
Armour         | 3 |  3.0
Fighting       | |  3.7
Throwing       | |  0.2
Dodging        | |  0.6
Shields        | |  2.9

Action                   |  1- 3 |  4- 6 || total
-------------------------+-------+-------++-------
Melee: Trident           |    99 |    92 ||   191
       Kick              |    12 |    17 ||    29
Throw: Stone             |       |     7 ||     7
  Use: Scroll            |     3 |     1 ||     4
       Potion            |       |     1 ||     1
  Eat: Ration            |       |     1 ||     1
Armor: Scale mail        |    42 |    57 ||    99
Dodge: Dodged            |    21 |    29 ||    50
Block: Shield            |    38 |    56 ||    94

Table legend:
 A = Spawn XP
 B = Non-spawn XP
 C = Spawn XP percentage of total XP
 D = Spawn monster count
 E = Non-spawn monster count
 F = Spawn count percentage of total count
 G = Total turns spent on level
                    A         B        C        D         E        F      G
               +---------+---------+-------+---------+---------+-------+---------
         Total |       0 |     307 |   0.0 |       0 |      59 |   0.0 |  1877
               +---------+---------+-------+---------+---------+-------+---------
           D:1 |       0 |      58 |   0.0 |       0 |      28 |   0.0 |   946
           D:2 |       0 |     156 |   0.0 |       0 |      24 |   0.0 |   800
           D:3 |       0 |      93 |   0.0 |       0 |       7 |   0.0 |   131
               +---------+---------+-------+---------+---------+-------+---------
